[Event "*** Titled Tuesday Blitz"]
[Site "Chess.com"]
[Date "2021.03.02"]
[Round "11"]
[White "skoularikii"]
[Black "Korchmar_Vasiliy"]
[Result "1-0"]
[WhiteElo "2570"]
[BlackElo "2651"]
[TimeControl "180+1"]
[EndTime "12:07:58 PST"]
[Termination "skoularikii won on time"]

1. e4 c5 2. Nf3 d6 3. Bb5+ Bd7 4.
c4 Nc6 5. Nc3 Nf6 6. d4 cxd4 7.
Nxd4 g6 8. O-O Bg7 9. Nde2 O-O 10. h3 Na5 11. Bxd7 Qxd7 12. b3 Nxe4 13. Nxe4 Bxa1 14.
Bd2 Bg7 15. Bxa5 Qf5 16. Qd5 Qxd5 17. cxd5 Rfc8 18. Bc3 a5 19. Bxg7 Kxg7 20. N4c3 Rc5 21. a4 Rac8 22. Rc1 h6 23. Kf1 g5 24. Ke1 Ra8 25. Kd2 Ra6 26. Nd4 Kg6 27. Ndb5 Ra8 28.
Re1 Re8 29. Nxd6 Rd8 30. Nxb7 Rdxd5+ 31. Nxd5 Rxd5+ 32. Kc3 e5 33. Kc4 Rd4+ 34. Kc5 Rd2 35. Nxa5 f6 36. Nc4 Rxf2 37. Ra1 1-0

[Event "*** Titled Tuesday Blitz"]
[Site "Chess.com"]
[Date "2021.03.02"]
[Round "11"]
[White "onetowin"]
[Black "Alniro4"]
[Result "0-1"]
[WhiteElo "2125"]
[BlackElo "2255"]
[TimeControl "180+1"]
[EndTime "12:08:01 PST"]
[Termination "Alniro4 won by resignation"]

1. d4 c5 2. d5 e5 3. Nc3 d6 4. e4 a6 5. a4 Be7 6. Nf3 Bg4 7. Be2 Bxf3 8. Bxf3 Bg5 9. g3 Bxc1 10.
Qxc1 Ne7 11. Qg5 O-O 12. Bg4 Nd7 13. h4 h6 14. Qe3 Nf6 15. Bh3 b5 16. g4 Ng6 17. g5 Nh5 18. Ne2 Nhf4 19. Bf5 Ng2+ 0-1

[Event "*** Titled Tuesday Blitz"]
[Site "Chess.com"]
[Date "2021.03.02"]
[Round "11"]
[White "AryanTari"]
[Black "TheBigBoss04"]
[Result "1-0"]
[WhiteElo "2904"]
[BlackElo "2764"]
[TimeControl "180+1"]
[EndTime "12:08:02 PST"]
[Termination "AryanTari won by resignation"]

1. e4 g6 2. d4 Bg7 3. Nf3 d6 4. Bd3 Nf6 5. O-O O-O 6. c3 Nc6 7. h3 e5 8. Re1 Re8 9. Bg5 h6 10. Bh4 g5 11. Bg3 g4 12. dxe5 Nh5 13. Bh4 Qd7 14. Nh2 Nxe5 15. Be2 Nf4 16. Bxg4 Qb5 17.
Bxc8 Qxb2 18. Nd2 Raxc8 19. Re3 Nfd3 20. Rb1 Qxc3 21. Ng4 Nxg4 22. Qxg4 Qxd2 23. Rxd3 h5 24. Qxc8 1-0

[Event "*** Titled Tuesday Blitz"]
[Site "Chess.com"]
[Date "2021.03.02"]
[Round "11"]
[White "Blitzking642"]
[Black "CzechmVIII"]
[Result "1-0"]
[WhiteElo "2361"]
[BlackElo "2247"]
[TimeControl "180+1"]
[EndTime "12:08:12 PST"]
[Termination "Blitzking642 won by checkmate"]

1. e4 c5 2. Nc3 Nc6 3. Bb5 Nd4 4. Nf3 a6 5. Bd3 g6 6. Nxd4 cxd4 7. Ne2 Bg7 8. O-O d6 9. c3 dxc3 10. dxc3 Nf6 11.
h3 O-O 12. Be3 b6 13. Ng3 Qc7 14. f4 Bb7 15. Qe2 Nd7 16. Rae1 Nc5 17. Bc2 Rac8 18. f5 Nd7 19. Bb3 Ne5 20. Bg5 b5 21. h4 d5 22. exd5 Nc4 23. Bf4 Qc5+ 24. Kh1 Qxd5 25.
Bc2 Rfe8 26. Be4 Qd7 27. fxg6 hxg6 28. h5 Bxe4 29. Nxe4 Qd5 30. hxg6 fxg6 31. Ng5 Nxb2 32.
Qxb2 Bxc3 33. Qc2 Bxe1 34. Qxg6+ Kf8 35. Nh7# 1-0

[Event "*** Titled Tuesday Blitz"]
[Site "Chess.com"]
[Date "2021.03.02"]
[Round "11"]
[White "alexrustemov"]
[Black "Grandmaster2B"]
[Result "1-0"]
[WhiteElo "2701"]
[BlackElo "2500"]
[TimeControl "180+1"]
[EndTime "12:08:14 PST"]
[Termination "alexrustemov won on time"]

1. c4 e5 2. g3 c6 3. d4 Bb4+ 4. Bd2 Bxd2+ 5. Qxd2 d6 6. Nc3 Qe7 7. Bg2 Nf6 8. e4 O-O 9. Nge2 Nbd7 10. O-O Re8 11.
h3 exd4 12. Nxd4 Ne5 13. b3 Qc7 14. Rad1 Qa5 15. f4 Ng6 16. Nde2 Rd8 17. e5 Ne8 18. Ne4 Qxd2 19. Rxd2 d5 20. cxd5 cxd5 21. Rfd1 Ne7 22. N4c3 Be6 23. g4 g6 24. Nxd5 Nxd5 25. Bxd5 Nc7 26. Bxb7 Rxd2 27. Rxd2 Rb8 28. Bf3 a5 29. Nd4 Rd8 30. Kf2 Nb5 31. Ke3 Nxd4 32. Rxd4 Rc8 33. Be4 Rc3+ 34. Rd3 Rc1 35. f5 gxf5 36. gxf5 Bc8 37. f6 Re1+ 38. Kf2 1-0

[Event "*** Titled Tuesday Blitz"]
[Site "Chess.com"]
[Date "2021.03.02"]
[Round "11"]
[White "HackingKid98"]
[Black "tusplingher"]
[Result "1-0"]
[WhiteElo "2453"]
[BlackElo "2277"]
[TimeControl "180+1"]
[EndTime "12:08:15 PST"]
[Termination "HackingKid98 won by resignation"]

1. Nf3 c5 2. c4 Nc6 3. g3 g6 4. d4 cxd4 5. Nxd4 Bg7 6. Nb3 Nf6 7.
Bg2 O-O 8. O-O d6 9. Nc3 Be6 10.
c5 Bxb3 11. Qxb3 Na5 12. Qa3 dxc5 13. Qxc5 b6 14. Qg5 Rc8 15. Be3 Nc4 16. Rad1 Qe8 17.
Bc1 Rc5 18. Qh4 Nh5 19. Ne4 Re5 20. b3 Nd6 21. Nxd6 exd6 22. e3 Qe6 23. Bb2 Ra5 24. Bxg7 Nxg7 25. Rd2 Nf5 26. Qf4 Qe5 27. Rfd1 Qxf4 28.
gxf4 Rc8 29. Bh3 Rcc5 30. b4 1-0

[Event "*** Titled Tuesday Blitz"]
[Site "Chess.com"]
[Date "2021.03.02"]
[Round "11"]
[White "Mikedannnn"]
[Black "Karla"]
[Result "0-1"]
[WhiteElo "2562"]
[BlackElo "2387"]
[TimeControl "180+1"]
[EndTime "12:08:16 PST"]
[Termination "Karla won by resignation"]

1. e4 d5 2. exd5 Qxd5 3. Nc3 Qa5 4. d4 Nf6 5. Nf3 c6 6. Bc4 Bf5 7. O-O e6 8. Qe2 Nbd7 9. h3 Be7 10. a3 O-O 11.
Bf4 Qd8 12. Rad1 Nd5 13. Bd2 Bxc2 14. Rc1 Bg6 15. Ne4 b5 16. Ba2 N7b6 17. Rxc6 b4 18. axb4 Bxb4 19. Rfc1 Bxd2 20. Nexd2 Nb4 21. Bb3 Nxc6 22.
Rxc6 Rc8 23. Rxc8 Qxc8 24. Kh2 Nd5 25. Ne5 Qc7 26. g3 Qc1 27. Ndf3 Rb8 28. Bxd5 exd5 29.
Nd7 Qxb2 30. Qe3 Rc8 31. Nfe5 Be4 32. Qf4 Qc1 33. Qxf7+ Kh8 34. Nf3 Qf1 0-1

[Event "*** Titled Tuesday Blitz"]
[Site "Chess.com"]
[Date "2021.03.02"]
[Round "11"]
[White "PowerThinking2650"]
[Black "MendozaDavid2000"]
[Result "0-1"]
[WhiteElo "2442"]
[BlackElo "2346"]
[TimeControl "180+1"]
[EndTime "12:08:18 PST"]
[Termination "MendozaDavid2000 won by resignation"]

1. e4 c5 2. Nf3 d6 3. d4 cxd4 4. Nxd4 Nf6 5. Nc3 a6 6. Bc4 e6 7. O-O Qc7 8. Bb3 Nbd7 9. f4 Nc5 10. f5 Nxb3 11. axb3 Bd7 12. fxe6 fxe6 13. Bg5 Be7 14. Kh1 O-O 15. Qd3 Rae8 16. Qc4 Qxc4 17. bxc4 h6 18. Bh4 Ng4 19. Bxe7 Rxe7 20. Rxf8+ Kxf8 21. Rf1+ Rf7 22. Rxf7+ Kxf7 23. b3 Kf6 24. Nf3 Bc6 25. Kg1 Ne3 26. Ne1 Ke5 27. Kf2 Ng4+ 28. Kg3 Kd4 29. Kxg4 Kxc3 30.
Kf4 Kd2 31. Nf3+ Kxc2 32. Nd4+ Kc3 33. Nxe6 g5+ 34. Kf5 Kxb3 35. c5 dxc5 36. Nxc5+ Kc4 37. Ne6 a5 38. e5 a4 39. Nd8 Bd5 40. e6 Bxe6+ 41. Nxe6 a3 0-1

[Event "*** Titled Tuesday Blitz"]
[Site "Chess.com"]
[Date "2021.03.02"]
[Round "11"]
[White "beto-betun"]
[Black "frankshar"]
[Result "0-1"]
[WhiteElo "2216"]
[BlackElo "2350"]
[TimeControl "180+1"]
[EndTime "12:08:18 PST"]
[Termination "frankshar won by resignation"]

1. d4 Nf6 2. Nf3 e6 3. g3 d5 4. Bg2 b5 5. O-O Nbd7 6. a4 b4 7. c3 bxc3 8. bxc3 Ba6 9. Re1 Bd6 10. Ba3 O-O 11. Bxd6 cxd6 12. Na3 Qa5 13. Nb5 Bxb5 14.
axb5 Qxb5 15. Qa4 Qxa4 16. Rxa4 Nb6 17. Ra6 Rfb8 18. Rea1 Rb7 19. Nd2 Ne8 20. e4 Nc7 21. R6a3 Nc4 22. Nxc4 dxc4 23. d5 exd5 24. exd5 Nb5 25.
Ra6 Rd7 26. Bh3 Rc7 27. Kg2 g6 28. g4 Nxc3 29. Rxd6 Ne4 30. Rda6 c3 31. f4 c2 32. Rc6 Rxc6 33. dxc6 Nc5 34. Rc1 Nd3 35. Rxc2 Ne1+ 36. Kg3 Nxc2 37. g5 Nd4 38. c7 Nf5+ 0-1

[Event "*** Titled Tuesday Blitz"]
[Site "Chess.com"]
[Date "2021.03.02"]
[Round "11"]
[White "MerryPoppies"]
[Black "gisela_roque"]
[Result "1-0"]
[WhiteElo "2135"]
[BlackElo "1765"]
[TimeControl "180+1"]
[EndTime "12:08:18 PST"]
[Termination "MerryPoppies won by resignation"]

1. d4 e6 2. c4 Nf6 3. Nc3 Bb4 4. Qc2 O-O 5. Nf3 c5 6. e3 Bxc3+ 7. Qxc3 Nc6 8. Be2 d6 9. O-O b6 10. b3 Bb7 11. Bb2 Re8 12. Rad1 Qc7 13. d5 Ne7 14. dxe6 fxe6 15. Ng5 Nf5 16. Bf3 Bxf3 17. Nxf3 Ne4 18. Qc2 Qc6 19. Nd2 Nxd2 20. Rxd2 Nh4 21. f3 Rf8 22. Rfd1 Rad8 23. Qc3 Rf7 24. e4 Rdd7 25. Qe3 a6 26. Qg5 Ng6 27. h4 b5 28. h5 Nf8 29.
h6 e5 30. Rd5 Ne6 31. Qg4 Nf4 32. R5d2 Kh8 33. Bxe5 dxe5 34. Rxd7 Rxd7 35. hxg7+ Kg8 36. Qxd7 1-0

[Event "*** Titled Tuesday Blitz"]
[Site "Chess.com"]
[Date "2021.03.02"]
[Round "11"]
[White "Arvids_Andrejevs"]
[Black "Bayernbk"]
[Result "0-1"]
[WhiteElo "2395"]
[BlackElo "2556"]
[TimeControl "180+1"]
[EndTime "12:08:19 PST"]
[Termination "Bayernbk won by resignation"]

1. e4 d5 2. exd5 Nf6 3. c4 c6 4. d4 cxd5 5. Nc3 g6 6. cxd5 Bg7 7. g3 O-O 8. Bg2 Nbd7 9. Nge2 b6 10. O-O Bb7 11. Nf4 Rc8 12. Re1 Re8 13. Qb3 a6 14. Nd3 b5 15. Be3 Nb6 16. Nc5 Bxd5 17. Nxd5 Nbxd5 18. Nxa6 Nxe3 19. fxe3 e5 20. dxe5 Ng4 21.
Qxb5 Rxe5 22. Qb7 Nxe3 23. Nb4 Rb8 24. Nc6 Rxb7 25. Nxd8 Rxb2 26. Bf3 Rf5 27. Be4 Bd4 28. Bxf5 Ng4+ 0-1

[Event "*** Titled Tuesday Blitz"]
[Site "Chess.com"]
[Date "2021.03.02"]
[Round "11"]
[White "zim0ne"]
[Black "Ali-Farahat"]
[Result "0-1"]
[WhiteElo "2495"]
[BlackElo "2428"]
[TimeControl "180+1"]
[EndTime "12:08:19 PST"]
[Termination "Ali-Farahat won by checkmate"]

1. Nf3 d5 2. c4 c6 3. g3 Nf6 4. Bg2 Bf5 5. Qb3 Qb6 6. d3 e6 7. Be3 Qxb3 8. axb3 a6 9. Nc3 Nbd7 10. Nd4 Bg6 11. Nc2 Be7 12. cxd5 cxd5 13. b4 O-O 14. Na4 b5 15. Nc5 Nxc5 16. bxc5 Rfc8 17. b4 a5 18. Rxa5 Rxa5 19. bxa5 Bxc5 20. Bxc5 Rxc5 21. Kd2 b4 22. a6 b3 23. Nb4 Ra5 24. Rb1 Ra3 25. Kc3 Nd7 26.
Rxb3 Ra4 27. Kb2 Kf8 28. Kc3 Nc5 29. Rb2 Nxa6 30. Nc6 f6 31. Rb7 Be8 32. Nd4 Nc5 33.
Rc7 e5 34. Rxc5 exd4+ 35. Kb2 Rb4+ 36. Kc2 Ra4 37. Bxd5 Ke7 38. Be4 g6 39. Rc4 Ra2+ 40. Kd1 Ba4+ 41. Ke1 Ra1+ 42. Kd2 Rd1# 0-1

[Event "*** Titled Tuesday Blitz"]
[Site "Chess.com"]
[Date "2021.03.02"]
[Round "11"]
[White "Gusarov91"]
[Black "Volodar_Murzin"]
[Result "1-0"]
[WhiteElo "2539"]
[BlackElo "2666"]
[TimeControl "180+1"]
[EndTime "12:08:22 PST"]
[Termination "Gusarov91 won on time"]

1. d4 Nf6 2. Nf3 g6 3. c4 Bg7 4. Nc3 O-O 5. Bg5 d6 6. e3 Nbd7 7. Rc1 e5 8. Be2 b6 9. O-O Bb7 10. dxe5 dxe5 11. Nd5 e4 12. Nd4 h6 13. Nxf6+ Nxf6 14. Bh4 Qe7 15. c5 Rfd8 16. c6 Bc8 17. Qb3 g5 18. Bg3 Nd5 19. Bc4 Nf4 20. Nb5 a6 21.
exf4 axb5 22. Qxb5 Rd4 23. fxg5 hxg5 24. Qb3 Rxc4 25.
Rxc4 Qe8 26. Re1 Be6 27. Rcxe4 Qxc6 28. Rxe6 fxe6 29. Rxe6 Qa4 30. Re8+ Kh7 31. Qg8+ 1-0

[Event "*** Titled Tuesday Blitz"]
[Site "Chess.com"]
[Date "2021.03.02"]
[Round "11"]
[White "Kretov_Evgenij"]
[Black "PaulfromSPb"]
[Result "0-1"]
[WhiteElo "2614"]
[BlackElo "2730"]
[TimeControl "180+1"]
[EndTime "12:08:23 PST"]
[Termination "PaulfromSPb won by resignation"]

1. d4 Nf6 2. c4 e6 3. Nc3 Bb4 4.
Bg5 c5 5. d5 exd5 6. cxd5 d6 7.
e3 Nbd7 8. Bd3 Qa5 9. Ne2 Nxd5 10. O-O Nxc3 11. bxc3 Bxc3 12. Nxc3 Qxc3 13. Rc1 Qe5 14.
Bf4 Qf6 15. Bb5 O-O 16. Qxd6 Qxd6 17. Bxd6 Re8 18. Bxc5 a6 19. Ba4 b5 20. Bb3 Nxc5 21.
Rxc5 Be6 22. Bxe6 Rxe6 23. Rfc1 g6 24. Rd1 Kg7 25. Rd7 Rae8 26. Rcc7 Rf6 27. Rd4 Re5 28. Kf1 Rxe3 29. a4 Rb3 30. axb5 Rb2 31. f3 axb5 32. Rcd7 Rc6 33. Rd2 Rcc2 34. Rxc2 Rxc2 35. Rb7 Rb2 36. h4 h5 37. g4 Kf6 38. Kg1 Ke6 39. Kf1 b4 40. Rb5 b3 41. gxh5 gxh5 42. Kg1 Kd6 43. Kf1 Kc6 44. Rb8 Kc5 45. Rc8+ Kd4 0-1

[Event "*** Titled Tuesday Blitz"]
[Site "Chess.com"]
[Date "2021.03.02"]
[Round "11"]
[White "andriipalchuk"]
[Black "yuki_chess123"]
[Result "1-0"]
[WhiteElo "2552"]
[BlackElo "2275"]
[TimeControl "180+1"]
[EndTime "12:08:23 PST"]
[Termination "andriipalchuk won by resignation"]

1. e4 g6 2. d4 Bg7 3. Nc3 c6 4. f3 d5 5. Be3 dxe4 6. fxe4 Nf6 7. Nf3 O-O 8. Be2 b5 9. a3 Ng4 10. Bg1 e5 11. d5 a6 12. h3 Nf6 13. Bf2 Bb7 14.
d6 Nbd7 15. O-O c5 16. Nd2 b4 17. Na4 Nxe4 18. Nxe4 Bxe4 19. Nxc5 Nxc5 20. Bxc5 bxa3 21. Rxa3 Rc8 22. b4 Qd7 23. Rxa6 Rc6 24. Bb5 Rxd6 25. Bxd7 1-0

[Event "*** Titled Tuesday Blitz"]
[Site "Chess.com"]
[Date "2021.03.02"]
[Round "11"]
[White "Deepweb2020"]
[Black "frenchpin"]
[Result "0-1"]
[WhiteElo "2404"]
[BlackElo "2498"]
[TimeControl "180+1"]
[EndTime "12:08:26 PST"]
[Termination "frenchpin won by checkmate"]

1. Nf3 e6 2. c4 d5 3. g3 Nf6 4. Bg2 dxc4 5. O-O a6 6. a4 Nc6 7. Na3 Bxa3 8. bxa3 O-O 9. Qc2 e5 10. Bb2 Qd6 11. Qxc4 Be6 12. Qh4 h6 13. d4 e4 14.
Ne5 Nxd4 15. e3 Nf5 16. Qh3 Nxe3 17. g4 Nxf1 18. Rxf1 Qd2 19. Ba1 Qf4 20. f3 e3 21. Re1 Nd5 22. Nd3 Qxa4 23. f4 Nxf4 24. Qxe3 Nxg2 25. Qe5 Qxg4 26. h3 Qg6 27. Rd1 Ne3+ 28.
Kh2 Qg2# 0-1

[Event "*** Titled Tuesday Blitz"]
[Site "Chess.com"]
[Date "2021.03.02"]
[Round "11"]
[White "TigrVShlyape"]
[Black "ZiggyStardust64"]
[Result "1-0"]
[WhiteElo "2890"]
[BlackElo "2625"]
[TimeControl "180+1"]
[EndTime "12:08:27 PST"]
[Termination "TigrVShlyape won by resignation"]

1. e4 c6 2. d4 d5 3. exd5 cxd5 4. Bd3 Nf6 5. c3 Bg4 6. Nf3 e6 7. Bf4 Bd6 8. Bxd6 Qxd6 9. Nbd2 O-O 10. O-O Nc6 11.
Re1 Rab8 12. a4 a6 13. a5 Rfe8 14. Qa4 Bxf3 15. Nxf3 e5 16. dxe5 Nxe5 17. Nxe5 Rxe5 18. Qd4 Rbe8 19. Rxe5 Qxe5 20. Qxe5 Rxe5 21. f3 Kf8 22. Kf2 g5 23. Ra4 Re7 24. h4 h6 25. Rb4 Rd7 26.
g3 Kg7 27. Bf5 Rc7 28. Rb6 Ne8 29. h5 Rc5 30. Rxb7 Nd6 31. Rb6 Nxf5 32. g4 Ne7 33. Rxa6 Rb5 34. b4 d4 35. Rb6 Rxb6 36. axb6 dxc3 37. Ke2 Kf6 38. b5 c2 39. Kd2 Nc6 40. bxc6 1-0

[Event "*** Titled Tuesday Blitz"]
[Site "Chess.com"]
[Date "2021.03.02"]
[Round "11"]
[White "Shahaliyev"]
[Black "alejogarcia1999"]
[Result "1-0"]
[WhiteElo "2698"]
[BlackElo "2528"]
[TimeControl "180+1"]
[EndTime "12:08:27 PST"]
[Termination "Shahaliyev won by resignation"]

1. Nf3 Nf6 2. c4 g6 3. Nc3 Bg7 4. d4 d6 5. Bg5 O-O 6. e3 h6 7. Bh4 Nbd7 8. Be2 e5 9. O-O Re8 10. Rc1 c6 11. dxe5 Nxe5 12. Nxe5 dxe5 13. Qxd8 Rxd8 14. Rfd1 Be6 15. c5 g5 16. Bg3 Ne8 17. b4 f5 18. f3 f4 19. Bf2 a5 20. b5 Nc7 21. bxc6 bxc6 22. e4 Bf8 23. Rb1 Rdb8 24. Rb6 Rxb6 25. cxb6 Nb5 26. Nxb5 cxb5 27. Bxb5 Rb8 28.
Bc6 Bxa2 29. b7 Bb3 30. Rd7 a4 31. Ba7 a3 32. Bxb8 a2 33. Bxe5 1-0

[Event "*** Titled Tuesday Blitz"]
[Site "Chess.com"]
[Date "2021.03.02"]
[Round "11"]
[White "louis198"]
[Black "13MiRacLe"]
[Result "0-1"]
[WhiteElo "2628"]
[BlackElo "2740"]
[TimeControl "180+1"]
[EndTime "12:08:28 PST"]
[Termination "13MiRacLe won by resignation"]

1. d4 Nf6 2. c4 g6 3. Nc3 d5 4.
e3 Bg7 5. Nf3 O-O 6. Qb3 e6 7. Bd2 a5 8. cxd5 exd5 9. Rc1 c6 10.
Bd3 Nbd7 11. O-O b5 12. a4 b4 13. Ne2 Bb7 14. Rc2 Ne4 15. Rfc1 c5 16. dxc5 Bc6 17.
Bxe4 dxe4 18. Nfd4 Ne5 19. Nxc6 Nxc6 20. Be1 Qd3 21. Qc4 Ne5 22. Nf4 Qxc4 23. Rxc4 Nxc4 24. Rxc4 Rfd8 25. Kf1 Rac8 26. b3 f5 27. Ne6 Rd5 28. g4 Bf6 29. gxf5 gxf5 30. c6 Rd6 31. Nd4 Bxd4 32.
exd4 Rdxc6 0-1

[Event "*** Titled Tuesday Blitz"]
[Site "Chess.com"]
[Date "2021.03.02"]
[Round "11"]
[White "manipun1"]
[Black "mhebden"]
[Result "0-1"]
[WhiteElo "2251"]
[BlackElo "2515"]
[TimeControl "180+1"]
[EndTime "12:08:30 PST"]
[Termination "mhebden won on time"]

1. c4 g6 2. Nc3 Bg7 3. g3 Nf6 4. Bg2 O-O 5. d3 e6 6. e4 d5 7. cxd5 exd5 8. e5 Nfd7 9. d4 c5 10. f4 cxd4 11. Nxd5 Nc6 12. Ne2 f6 13. Nxd4 Nxd4 14.
Qxd4 fxe5 15. Qc4 Kh8 16. O-O Nb6 17. Nxb6 Qxb6+ 18. Kh1 Be6 19. Qe4 Rad8 20. Qxb7 Qc5 21. Qc6 Qxc6 22. Bxc6 Rc8 23. Bg2 exf4 24. Bxf4 Bxb2 25.
Rab1 Bd4 26. a4 Bf5 27. Rbd1 Bg7 28. h3 h5 29. Rd2 Rc4 30. a5 Ra4 31. Rd5 Rc8 32.
Be5 Rc2 33. Bxg7+ Kxg7 34. Re1 Raa2 0-1

[Event "*** Titled Tuesday Blitz"]
[Site "Chess.com"]
[Date "2021.03.02"]
[Round "11"]
[White "Skatchkov_V"]
[Black "Sergey85Rodchenkov"]
[Result "1-0"]
[WhiteElo "2623"]
[BlackElo "2492"]
[TimeControl "180+1"]
[EndTime "12:08:31 PST"]
[Termination "Skatchkov_V won by resignation"]

1. d4 Nf6 2. c4 e6 3. Nf3 b6 4. g3 Bb7 5. Bg2 Be7 6. O-O O-O 7. d5 exd5 8. Nh4 c6 9. cxd5 cxd5 10. Nf5 Na6 11. Nc3 Nc5 12. Nxd5 Bxd5 13. Bxd5 Nxd5 14. Qxd5 Bf6 15. Rb1 a5 16. b4 axb4 17. Rxb4 Re8 18. Rg4 Re6 19. Bf4 Ra5 20. Rd1 h5 21. Nh6+ Kf8 22.
Bd6+ Be7 23. Bxe7+ Qxe7 24. Nf5 Qf6 25. Rxg7 Re5 26.
Rxf7+ Qxf7 27. Qxe5 Rxa2 28. Rd6 Ne6 29. Rxb6 Ra8 30.
Qh8+ Qg8 31. Qh6+ Ke8 32. Qxh5+ Kd8 33. Qh4+ Kc7 34. Qb4 Ra1+ 35. Kg2 Nf4+ 36. Qxf4+ Kxb6 37. Qd4+ Kc7 38. Qxa1 Qd5+ 39. f3 Qxf5 40. Qc1+ Kd8 41. h4 Qe5 42. Qg5+ 1-0

[Event "*** Titled Tuesday Blitz"]
[Site "Chess.com"]
[Date "2021.03.02"]
[Round "11"]
[White "suneebaker"]
[Black "Pantata007"]
[Result "0-1"]
[WhiteElo "2146"]
[BlackElo "2248"]
[TimeControl "180+1"]
[EndTime "12:08:31 PST"]
[Termination "Pantata007 won by resignation"]

1. e4 e5 2. Nf3 Nc6 3. Bc4 Bc5 4. d4 Bxd4 5. Nxd4 Nxd4 6. O-O Nf6 7. Bg5 d6 8. f4 Bg4 9. Qd3 Be2 10. Qc3 Bxf1 11.
Bxf1 Nxe4 12. Bxd8 Nxc3 13. Nxc3 Rxd8 14. fxe5 dxe5 15.
Bd3 O-O 16. Re1 Rfe8 17. Ne4 Ne6 18. Rf1 Rd4 19. g3 Red8 20. b3 Rxd3 21. cxd3 Rxd3 22.
Rc1 c6 23. b4 f5 24. Nc3 Nd4 25. Kf1 Rd2 26. b5 Rxh2 0-1

[Event "*** Titled Tuesday Blitz"]
[Site "Chess.com"]
[Date "2021.03.02"]
[Round "11"]
[White "Ekose"]
[Black "esapunov"]
[Result "1/2-1/2"]
[WhiteElo "2539"]
[BlackElo "2698"]
[TimeControl "180+1"]
[EndTime "12:08:33 PST"]
[Termination "Game drawn by repetition"]

1. e4 c5 2. Nf3 d6 3. Bb5+ Nd7 4. O-O a6 5. Bxd7+ Bxd7 6. c4 e5 7. Nc3 Nf6 8. d3 h6 9. h3 Be7 10. Ne1 b5 11. b3 b4 12. Nd5 Nxd5 13. cxd5 g5 14.
Nc2 f5 15. Qh5+ Kf8 16. Qg6 Qe8 17. Qxe8+ Kxe8 18. Ne3 fxe4 19. dxe4 Bb5 20. Re1 Kd7 21. Bb2 a5 22. a4 bxa3 23. Rxa3 Ra6 24. Rea1 Rha8 25.
Bc3 a4 26. bxa4 Rxa4 27. Rxa4 Rxa4 28. Rxa4 Bxa4 29. f3 Bf8 30. Kf2 h5 31. g3 Be7 32.
Bd2 Bb5 33. Nf5 Bf6 34. g4 h4 35. Nh6 Ke8 36. Nf5 Kd7 37. Nh6 Ke8 38. Nf5 Kd7 1/2-1/2

[Event "*** Titled Tuesday Blitz"]
[Site "Chess.com"]
[Date "2021.03.02"]
[Round "11"]
[White "azikom"]
[Black "Tekushka"]
[Result "1/2-1/2"]
[WhiteElo "2646"]
[BlackElo "2440"]
[TimeControl "180+1"]
[EndTime "12:08:33 PST"]
[Termination "Game drawn by repetition"]

1. d4 Nf6 2. Nf3 d5 3. Bf4 c5 4. e3 Nc6 5. c3 Qb6 6. Qb3 c4 7. Qc2 Bf5 8. Qc1 e6 9. Nbd2 Qd8 10. Be2 h6 11. O-O Be7 12. Bd1 O-O 13. Bc2 Bd6 14. Bg3 Bxg3 15. hxg3 b5 16. Re1 a5 17. e4 dxe4 18. Nxe4 Nxe4 19. Bxe4 Bxe4 20. Rxe4 Qd5 21. Re3 b4 22. Ne5 Rfc8 23. Nxc6 Rxc6 24. Re5 Qd6 25. Qe3 a4 26. a3 bxc3 27. bxc3 Rb8 28. Qe4 Rb3 29.
d5 Rc5 30. Rd1 Rxc3 31. Kh2 Rd3 32. Rb1 Rcxd5 33. Rxd5 exd5 34. Qe8+ Qf8 35. Qxa4 Rxa3 36. Qd7 Rb3 37. Rd1 Rd3 38. Rb1 Rb3 39. Rd1 Rd3 40.
Rb1 Rb3 1/2-1/2

[Event "*** Titled Tuesday Blitz"]
[Site "Chess.com"]
[Date "2021.03.02"]
[Round "11"]
[White "turayev_shahruh17"]
[Black "pavelalexandru07"]
[Result "1-0"]
[WhiteElo "2458"]
[BlackElo "2295"]
[TimeControl "180+1"]
[EndTime "12:08:33 PST"]
[Termination "turayev_shahruh17 won by resignation"]

1. e4 c5 2. Nc3 e6 3. g3 a6 4. Bg2 Nc6 5. d3 g6 6. f4 Bg7 7. Nh3 Nge7 8. O-O O-O 9. g4 f5 10.
gxf5 gxf5 11. Qh5 Qe8 12. Qh4 Nd4 13. Bf3 Ng6 14. Qh5 Ne7 15. Qh4 Ng6 16. Qg3 Bh6 17.
Bh5 Kh8 18. Kh1 Rg8 19. Rg1 d6 20. Bd2 Bd7 21. Rg2 Qe7 22. Qf2 Be8 23. Rag1 Bf7 24.
Ng5 Bxg5 25. Rxg5 Qf6 26. Be3 b5 27. Bxd4 cxd4 28. Ne2 fxe4 29. dxe4 e5 30. f5 Ne7 31. Qh4 Rxg5 32. Rxg5 Qh6 33. Ng3 Bxh5 34. Rxh5 Qc1+ 35. Kg2 Qxc2+ 36. Kh3 Kg8 37. Qxe7 1-0

[Event "*** Titled Tuesday Blitz"]
[Site "Chess.com"]
[Date "2021.03.02"]
[Round "11"]
[White "MITerryble"]
[Black "igorcadilhac"]
[Result "1-0"]
[WhiteElo "2889"]
[BlackElo "2453"]
[TimeControl "180+1"]
[EndTime "12:08:34 PST"]
[Termination "MITerryble won by resignation"]

1. Nf3 d5 2. e3 e6 3. c4 Nf6 4. b3 Be7 5. Bb2 O-O 6. Qc2 c5 7. g4 Nc6 8. g5 Ne4 9. h4 Nb4 10.
Qd1 dxc4 11. Bxc4 Nd3+ 12. Bxd3 Qxd3 13. Qe2 Qd5 14. d3 Nd6 15. e4 Qc6 16. h5 b6 17.
Nbd2 Ba6 18. Qe3 Qb5 19. Nc4 Nxc4 20. dxc4 Qc6 21. g6 Bb7 22. gxh7+ Kxh7 23. Rg1 Rg8 24. Rg4 f5 25. Ne5 Qc7 26. Rg6 Bf6 27. f4 Bxe5 28.
Bxe5 Qc6 29. O-O-O Qxe4 30. Qg3 1-0

[Event "*** Titled Tuesday Blitz"]
[Site "Chess.com"]
[Date "2021.03.02"]
[Round "11"]
[White "Lovkov_Roman"]
[Black "eduardoperalta"]
[Result "0-1"]
[WhiteElo "2697"]
[BlackElo "2553"]
[TimeControl "180+1"]
[EndTime "12:08:35 PST"]
[Termination "eduardoperalta won by resignation"]

1. e4 c5 2. d4 cxd4 3. c3 d3 4. Bxd3 Nc6 5. c4 g6 6. Nf3 Bg7 7. O-O d6 8. h3 Nf6 9. Nc3 O-O 10. Be3 b6 11. Rc1 Bb7 12. Qd2 Nd7 13. Nd5 Nde5 14.
Be2 e6 15. Nc3 Qe7 16. Nh2 Rfd8 17. Bg5 f6 18. Be3 Rd7 19. f4 Nf7 20. f5 Nce5 21. fxe6 Qxe6 22. Nd5 Re8 23. Ng4 f5 24. exf5 gxf5 25.
Nh2 Ng6 26. Rf3 f4 27. Bd4 Bxd5 28. Bxg7 Bxf3 29. Bxf3 Kxg7 30. Bg4 Qe7 31. Qd4+ Nfe5 32. Bxd7 Qxd7 33. Rd1 Qc7 34. Kh1 Qc5 35. Qd2 Nxc4 36. Qc2 Ne3 0-1

[Event "*** Titled Tuesday Blitz"]
[Site "Chess.com"]
[Date "2021.03.02"]
[Round "11"]
[White "SanQui14"]
[Black "ViktoriyaTarasova"]
[Result "0-1"]
[WhiteElo "2375"]
[BlackElo "2293"]
[TimeControl "180+1"]
[EndTime "12:08:35 PST"]
[Termination "ViktoriyaTarasova won by resignation"]

1. d4 Nf6 2. c4 e6 3. Nc3 Bb4 4. Qc2 d5 5. cxd5 exd5 6. Bg5 h6 7. Bxf6 Qxf6 8. e3 O-O 9. Bd3 c6 10. Ne2 Nd7 11. a3 Bd6 12. O-O Re8 13. b4 Nb6 14.
b5 Qh4 15. g3 Qf6 16. bxc6 bxc6 17. Kg2 h5 18. Qd2 h4 19. f3 Qh6 20. Nf4 hxg3 21. hxg3 Bxf4 22. gxf4 Bh3+ 23. Kg3 Bxf1 24. Rxf1 Nc4 25. Bxc4 dxc4 26. Ne4 Rab8 27. Nc5 Qg6+ 28. Kf2 Qf6 29. Rc1 Qh4+ 30. Kg2 Rb5 31. Rxc4 Rb1 32. Rc1 Rxc1 33. Qxc1 Qe7 34. Kf2 Rb8 35. Qc3 Qh4+ 36.
Ke2 Qh2+ 37. Kd3 Qh1 38. Ne4 Qxf3 39. Qxc6 Qf1+ 40. Kc2 Qb1+ 41. Kd2 Rb2+ 0-1

[Event "*** Titled Tuesday Blitz"]
[Site "Chess.com"]
[Date "2021.03.02"]
[Round "11"]
[White "Kostukov_Alex"]
[Black "volunteers1998"]
[Result "1-0"]
[WhiteElo "2322"]
[BlackElo "2178"]
[TimeControl "180+1"]
[EndTime "12:08:35 PST"]
[Termination "Kostukov_Alex won on time"]

1. g3 f5 2. Bg2 Nf6 3. d4 g6 4.
c4 Bg7 5. Nc3 O-O 6. Nf3 d6 7.
O-O Nc6 8. d5 Ne5 9. Nxe5 dxe5 10. c5 e4 11. Qb3 Kh8 12. Rd1 a6 13. Bf4 Nh5 14. Be3 Qe8 15. d6 exd6 16. cxd6 cxd6 17. Rxd6 Rf6 18. Rad1 Rxd6 19. Rxd6 Be5 20. Bd4 Bxd4 21. Rxd4 Be6 22. Qxb7 Rb8 23. Qc7 Ng7 24. Qe5 Rxb2 25. h4 Rb8 26. Rd6 Bg8 27. Qd4 a5 28. h5 gxh5 29. Bh3 Qe7 30. Rd7 Qf8 31. Bxf5 e3 32. fxe3 Rb4 33. Qe5 h4 34. g4 h3 35. Ne4 Rb1+ 36. Kh2 1-0